 Dungeon Sprint DCSS version 0.23.2-40-g277498a001 (webtiles) character file.

Game seed: 18003709313396644661

851 Cryoshakespeare the Fighter (level 8, 0/97 HPs)
             Began as an Ogre Fighter on Sept 23, 2019.
             Was a Follower of Qazlal.
             Slain by an unseen horror (1 damage)
             ... in the Dungeon (Sprint IX: "|||||||||||||||||||||||||||||").
             The game lasted 00:01:57 (273 turns).

Cryoshakespeare the Fighter (Ogre Fighter)           Turns: 273, Time: 00:01:58

Health: 0/97       AC:  4    Str: 28    XL:     8   Next: 1%
Magic:  8/8        EV: 14    Int: 12    God:    Qazlal [*.....]
Gold:   0          SH: 12    Dex:  8    Spells: 7/7 levels left

rFire    . . .     SeeInvis .   r - +3 war axe (freeze)
rCold    . . .     Gourm    .   c - +0 shield
rNeg     . . .     Faith    .   b - +0 robe
rPois    .         Spirit   .   (helmet restricted)
rElec    .         Reflect  .   q - +0 cloak
rCorr    .         Harm     .   (gloves unavailable)
MR       .....     NoTele   +   (boots unavailable)
Stlth    +.........             (no amulet)
HPRegen  0.26/turn              s - +3 ring of intelligence
MPRegen  0.11/turn              t - +2 ring of evasion

@: mighty, hasted, very quick
A: large, unfitting armour, tough skin 1
a: Renounce Religion


You were in the Dungeon.
You worshipped Qazlal.
Qazlal was aware of your devotion.
You were not hungry.

You visited 1 branch

Inventory:

Hand Weapons
 a - a +0 trident
 p - a +4 quarterstaff of speed
 r - a +3 war axe of freezing (weapon)
Armour
 b - a +0 robe (worn)
 c - a +0 shield (worn)
 q - a +0 cloak (worn)
Jewellery
 s - a +3 ring of intelligence (left hand)
 t - a +2 ring of evasion (right hand)
Wands
 o - a wand of acid (10)
Scrolls
 k - 2 scrolls of blinking
 m - 3 scrolls of remove curse
 n - 2 scrolls of amnesia
Potions
 e - 5 potions of curing
 g - a potion of heal wounds
 i - 4 potions of magic
 l - a potion of invisibility
Comestibles
 f - a ration
 j - a chunk of flesh


   Skills:
 + Level 11.5 Fighting
 + Level 7.2(7.9) Axes
 - Level 4.7(6.6) Polearms
 + Level 8.3 Dodging
 + Level 8.3 Shields


You had 7 spell levels left.
You didn't know any spells.
Your spell library was empty.

Dungeon Overview and Level Annotations

Branches:
Dungeon (1/1)

Altars:
Cheibriados
Dithmenos
Elyvilon
Fedhas
Gozag
Hepliaklqana
Kikubaaqudgha
Makhleb
Nemelex Xobeh
Okawaru
Qazlal
Ru
Sif Muna
Trog
Uskayaw
Vehumet
Wu Jian
Xom
Yredelemnul
Zin
The Shining One
Beogh
Jiyva
Lugonu


Innate Abilities, Weirdness & Mutations

You are too large for most types of armour.
You have tough skin. (AC +1)


Message History

* * * LOW HITPOINT WARNING * * *
You slash something! You freeze something. Something barely misses you.
Something hits you!
* * * LOW HITPOINT WARNING * * *
You miss something. Something hits you.
* * * LOW HITPOINT WARNING * * *
Something hits you.
* * * LOW HITPOINT WARNING * * *
Unknown command.
You slice something!! You freeze something. Qazlal accepts your kill.
Reactivating autopickup.
Your Fighting skill gained 2 levels and is now at level 11!
Your Axes skill gained 2 levels and is now at level 7!
Your Dodging skill gained 2 levels and is now at level 8!
Your Shields skill gained 2 levels and is now at level 8!
You have reached level 7!
You have reached level 8!
You feel a bit more experienced. Something hits you.
You die... ▓▓▓▓▓▓▓▓▓▓▓▓▓▓▓▓▓▓▓▓▓▓▓▓ _______'..|)[.[.@)y..... ▓▓▓▓▓▓▓▓▓▓▓▓▓▓▓▓▓▓▓▓▓▓▓▓

You could see a killer bee.

Vanquished Creatures
  An unseen horror (D)
  A troll (D)
  A wight (D)
  A hound (D)
  2 worker ants (D)
  An adder (D)
  An adder skeleton (D)
  2 bats (D)
  A goblin (D)
  A jackal (D)
  A jackal zombie (D)
  A kobold (D)
14 creatures vanquished.

Notes
Turn   | Place    | Note
-------+----------+-------------------------------------------
     0 | D        | Cryoshakespeare the Ogre Fighter began the quest for the
                  | Orb.
     0 | D        | Reached XP level 1. HP: 24/24 MP: 1/1
    85 | D        | Noticed a hound
    85 | D        | Noticed a worker ant
    85 | D        | Noticed a worker ant
    94 | D        | Killed a hound
    94 | D        | Reached skill level 5 in Fighting
    94 | D        | Reached XP level 2. HP: 36/36 MP: 2/2
    94 | D        | Reached XP level 3. HP: 44/44 MP: 3/3
    98 | D        | Reached skill level 6 in Fighting
   102 | D        | Reached XP level 4. HP: 53/53 MP: 4/4
   105 | D        | Reached skill level 7 in Fighting
   188 | D        | Found a roughly hewn altar of Beogh.
   188 | D        | Found a snail-covered altar of Cheibriados.
   188 | D        | Found a shadowy altar of Dithmenos.
   188 | D        | Found a white marble altar of Elyvilon.
   188 | D        | Found a blossoming altar of Fedhas.
   188 | D        | Found an opulent altar of Gozag.
   189 | D        | Found a hazy altar of Hepliaklqana.
   190 | D        | Found a viscous altar of Jiyva.
   191 | D        | Found an ancient bone altar of Kikubaaqudgha.
   192 | D        | Found a corrupted altar of Lugonu.
   193 | D        | Found a burning altar of Makhleb.
   194 | D        | Found a sparkling altar of Nemelex Xobeh.
   195 | D        | Found an iron altar of Okawaru.
   196 | D        | Found a stormy altar of Qazlal.
   197 | D        | Found a sacrificial altar of Ru.
   198 | D        | Found a deep blue altar of Sif Muna.
   199 | D        | Found a bloodstained altar of Trog.
   200 | D        | Found a hide-covered altar of Uskayaw.
   201 | D        | Found a radiant altar of Vehumet.
   202 | D        | Found an ornate altar of the Wu Jian Council.
   203 | D        | Found a shimmering altar of Xom.
   204 | D        | Became a worshipper of Qazlal Stormbringer
   205 | D        | Found a basalt altar of Yredelemnul.
   206 | D        | Found a glowing silver altar of Zin.
   207 | D        | Found a glowing golden altar of the Shining One.
   246 | D        | Noticed a troll
   254 | D        | Reached skill level 1 in Axes
   254 | D        | Reached skill level 5 in Dodging
   254 | D        | Reached skill level 5 in Shields
   254 | D        | Reached XP level 5. HP: 52/62 MP: 5/5
   261 | D        | Killed a troll
   261 | D        | Reached skill level 9 in Fighting
   261 | D        | Reached skill level 5 in Axes
   261 | D        | Reached XP level 6. HP: 33/78 MP: 6/6
   262 | D        | Reached * piety under Qazlal
   272 | D        | HP: 1/78 [something (5)]
   273 | D        | Killed an unseen horror
   273 | D        | Reached skill level 11 in Fighting
   273 | D        | Reached XP level 7. HP: 1/88 MP: 7/7
   273 | D        | Reached XP level 8. HP: 1/97 MP: 8/8
   273 | D        | Slain by an unseen horror

Skill      XL: |  1  2  3  4  5  6 |
---------------+-------------------+-----
Dodging        | 3 4 5 6 8 |  8.3
Shields        | 3 4 5 6 8 |  8.3
Fighting       | 5 6 7 9 11 | 11.5
Polearms       | 3 4 |  4.7
Axes           | 1 5 7 |  7.2

Action                   |  1- 3 |  4- 6 |  7- 9 || total
-------------------------+-------+-------+-------++-------
Melee: Trident           |    33 |     3 |       ||    36
       War axe           |       |    23 |       ||    23
  Use: Potion            |     1 |     4 |       ||     5
 Stab: Sleeping          |     1 |       |       ||     1
Armor: Robe              |     6 |     4 |       ||    10
Dodge: Dodged            |    12 |    11 |       ||    23
Block: Shield            |    11 |     9 |       ||    20
